 Dungeon Crawl Stone Soup version 0.29-a0-231-g945431f764 (webtiles) character file.

Game seed: 4188991436799543904

447 JoanKharjo the Vexing (level 6, -2/33 HPs)
             Began as a Vampire Arcane Marksman on Mar 1, 2022.
             Was an Initiate of Hepliaklqana.
             Slain by a killer bee (5 damage)
             ... on level 5 of the Dungeon.
             The game lasted 00:13:46 (3859 turns).

JoanKharjo the Vexing (Vampire Arcane Marksman)     Turns: 3859, Time: 00:13:46

Health: -2/33      AC:  4    Str:  9    XL:     6   Next: 73%
Magic:  5/7        EV: 12    Int: 18    God:    Hepliaklqana [......]
Gold:   222        SH:  0    Dex: 14    Spells: 0/7 levels left

rFire   . . .      SeeInvis +   s - +1 short sword (venom)
rCold   + + .      Faith    .   (no shield)
rNeg    + + +      Spirit   .   b - +0 robe
rPois   ∞          Reflect  .   f - +1 hat
rElec   .          Harm     .   o - +0 cloak
rCorr   .          Rampage  .   (no gloves)
Will    .....                   (no boots)
Stlth   +++.......              R - amulet of regeneration
HPRegen 0.00/turn               (no ring)
MPRegen 0.10/turn               (no ring)

@: bloodless, inhibited regen
A: bloodless, fangs 3, see invisible, vampiric 2
a: Bat Form, Revivify, Renounce Religion


You were on level 5 of the Dungeon.
You worshipped Hepliaklqana.
Hepliaklqana was noncommittal.
You visited 1 branch of the dungeon, and saw 5 of its levels.

You collected 222 gold pieces.

Inventory:

Hand Weapons
 a - a +0 shortbow
 d - a +0 longbow
 s - a +1 short sword of venom (weapon)
 v - a +0 quarterstaff
Armour
 b - a +0 robe (worn)
 f - a +1 hat (worn)
 o - a +0 cloak (worn)
Jewellery
 R - an amulet of regeneration (around neck)
Wands
 t - a wand of flame (18)
Scrolls
 c - 2 scrolls of summoning
 h - 2 scrolls of amnesia
 j - 3 scrolls of magic mapping {!r}
 l - a scroll of teleportation {unknown}
 p - a scroll of noise {unknown}
 q - a scroll of fear {unknown}
 r - a scroll of immolation {unknown}
Potions
 e - a potion of invisibility {unknown}
 g - 4 potions of curing
 k - 2 potions of attraction {!q}
 m - a potion of cancellation {unknown}
 n - a potion of ambrosia {unknown}
 u - a potion of heal wounds


   Skills:
 - Level 0.8 Fighting
 * Level 5.0 Bows
 - Level 2.1 Dodging
 - Level 1.0 Spellcasting
 + Level 7.3 Hexes


You couldn't memorise any spells.
You knew the following spells:

 Your Spells              Type           Power      Damage    Failure   Level
a - Portal Projectile     Hex/Tloc       28%        N/A       14%         3
b - Inner Flame           Hex/Fire       14%        N/A       14%         3
s - Slow                  Hex            100%       N/A       1%          1

Your spell library contained the following spells:

 Spells                   Type           Power      Damage    Failure   Level
 Confusing Touch          Hex            27%        N/A       3%          3
 Cause Fear               Hex            13%        N/A       10%         4
 Dazzling Flash           Conj/Hex       28%        N/A       14%         3
 Static Discharge         Conj/Air       0%         N/A       30%         2
 Gell's Gravitas          Tloc           0%         N/A       52%         3
 Lesser Beckoning         Tloc           0%         N/A       52%         3
 Teleport Other           Tloc           0%         N/A       52%         3
 Vampiric Draining        Necr           0%         2d6       52%         3
 Silence                  Hex/Air        7%         N/A       77%         5
 Dispel Undead            Necr           0%         3d6       89%         4
 Sticky Flame             Conj/Fire      0%         2d3       89%         4
 Agony                    Necr           0%         N/A       99%         5


Dungeon Overview and Level Annotations

Branches:
Dungeon (5/15)
 Temple: D:4-7

Altars:
Gozag
Hepliaklqana
Nemelex Xobeh
Wu Jian
Yredelemnul


Innate Abilities, Weirdness & Mutations

You do not regenerate when monsters are visible.
You are frail without blood (-20% HP).
You can heal yourself when you bite living creatures.
You are immune to poison.
You have razor-sharp teeth.
You have supernaturally acute eyesight. (SInv)
You are afflicted with vampirism and can become a bat while bloodless.


Message History

You hit the killer bee.
The killer bee is poisoned.
The killer bee stings you.
* * * LOW HITPOINT WARNING * * *
The killer bee stings you but does no damage.
You take 5 damage, and have 8/33 hp.
Here: a killer bee (heavily wounded, very poisoned) Item here: a killer bee corpse.
The floor.
Unknown command.
You feel much better.
You kill the killer bee!
The killer bee misses you.
Your Bows skill increases to level 5!
Health restored: 33 You closely miss the killer bee.
The killer bee closely misses you. The killer bee stings you.
You take 3 damage, and have 30/33 hp.
You hit the killer bee. The killer bee stings you. The killer bee stings you!
The killer bee misses you.
You take 8 damage, and have 22/33 hp.
MASSIVE DAMAGE!!
You miss the killer bee. The killer bee closely misses you.
The killer bee stings you.
* * * LOW HITPOINT WARNING * * *
You take 6 damage, and have 16/33 hp.
You hit the killer bee but do no damage.
The killer bee is poisoned.
The killer bee stings you.
* * * LOW HITPOINT WARNING * * *
The killer bee barely misses you.
You take 3 damage, and have 13/33 hp.
You miss the killer bee. The killer bee stings you.
* * * LOW HITPOINT WARNING * * *
The killer bee barely misses you.
You take 4 damage, and have 9/33 hp.
You closely miss the killer bee. The killer bee closely misses you. x2
You closely miss the killer bee.
The killer bee stings you but does no damage.
The killer bee stings you.
* * * LOW HITPOINT WARNING * * *
The killer bee stings you.
You die...

## #+# ##≈ #####.# #..
#≈≈##..##.#
#...##≈≈≈#..##.##
..#...#≈≈≈##......##
#...≈≈≈≈≈≈≈..#.....#
#....P≈≈≈P...##...######
..≈PP≈≈≈P....###.........
...≈≈≈≈≈≈≈..yy@..########
≈P≈≈≈≈≈≈...#####.#
≈≈≈≈≈≈y≈..## #.#
≈≈≈≈..≈..## #.#
y≈≈≈≈≈≈..# #.#
≈P.≈≈...########.###
≈≈....#.#
#........########
P.)..#..#
#.####.#.#......#
....#.!..
...#.#.#.####.###


You could see 2 killer bees.

Levels and vault maps discovered:
D:1:      minmay_arrival_five_plusses, layout_loops_ring,
          basic_ecumenical_altar, corexii_corridor_pit, minmay_close_crescents
D:2:      layout_basic, minmay_tree_intersection, grunt_decor_fettered,
          chequers_mini_garden, serial_bayou_lagoon_a, minmay_tetromino_s2
D:3:      layout_basic, nemelex_xobeh_ov_fountains_minmay
D:4:      layout_loops_ring, nicolae_overflow_quartered_altars,
          chequers_serial_rivers_room_a, wad_floor_pattern_untrapped,
          uniq_blork_the_orc
D:5:      layout_loops_corners, gammafunk_temple_overflow_pools,
          minmay_temple_entry_wispy, chequers_big_river,
          minmay_misc_feat_enclosed, uniq_sigmund, uniq_crazy_yiuf_cottage

Notes
Turn   | Place    | Note
-------+----------+-------------------------------------------
     0 | D:1      | JoanKharjo the Vampire Arcane Marksman began the quest for
                  | the Orb.
     0 | D:1      | Reached XP level 1. HP: 14/14 MP: 2/2
    20 | D:1      | Identified a +0 club
    41 | D:1      | Found a faded altar of an unknown god.
   135 | D:1      | Identified a +0 dagger
   167 | D:1      | Identified a +0 whip
   172 | D:1      | Reached skill level 2 in Bows
   174 | D:1      | Reached XP level 2. HP: 16/16 MP: 3/3
   294 | D:1      | Identified a +0 leather armour
   306 | D:1      | Identified a +0 whip
   372 | D:1      | Identified a +0 dagger
   494 | D:1      | Identified a +0 club
   550 | D:1      | Reached skill level 5 in Hexes
   742 | D:2      | Identified a +0 dagger
   743 | D:2      | Identified a +1 hat
   763 | D:2      | Gained mutation: You are afflicted with vampirism and can
                  | become a bat while bloodless. [Vampire growth]
   763 | D:2      | Reached XP level 3. HP: 20/20 MP: 4/4
   779 | D:2      | Identified a +0 club
   788 | D:2      | Learned a level 3 spell: Portal Projectile
   792 | D:2      | Identified a +0 dagger
  1036 | D:2      | Identified a +0 leather armour
  1106 | D:2      | Identified a +0 dagger
  1175 | D:2      | Identified a +0 spear
  1297 | D:2      | Identified a +0 shortbow
  1306 | D:2      | HP: 3/20 [adder (3)]
  1307 | D:2      | Identified 2 potions of heal wounds
  1336 | D:2      | Identified an amulet of regeneration
  1345 | D:2      | Identified a +0 cloak
  1642 | D:2      | Identified 5 scrolls of identify
  1642 | D:2      | Identified 3 scrolls of magic mapping
  1643 | D:2      | Identified 2 potions of curing
  1644 | D:2      | Identified 2 scrolls of summoning
  1645 | D:2      | Identified 2 scrolls of amnesia
  1770 | D:3      | Reached skill level 3 in Bows
  1790 | D:3      | Identified a +0 dagger
  1840 | D:3      | Identified a +0 hand axe
  1840 | D:3      | Identified a +0 leather armour
  1841 | D:3      | Identified a +0 whip
  1848 | D:3      | Identified a +0 dagger
  1848 | D:3      | Identified a +0 robe
  1889 | D:3      | HP: 2/20 [orc wizard/magic dart (6)]
  1898 | D:3      | Reached XP level 4. HP: 16/24 MP: 5/5
  2004 | D:3      | Identified a +0 longbow
  2059 | D:3      | Found a sparkling altar of Nemelex Xobeh.
  2191 | D:3      | Identified a +0 whip
  2209 | D:3      | Identified a +0 dagger
  2371 | D:3      | Identified a +0 flail
  2472 | D:3      | Identified a +1 short sword of venom
  2483 | D:3      | Identified 2 potions of degeneration
  2853 | D:4      | Identified a +0 club
  2908 | D:4      | Found an opulent altar of Gozag.
  2926 | D:4      | Noticed a scorpion
  2934 | D:4      | Killed a scorpion
  2935 | D:4      | Reached skill level 6 in Hexes
  2935 | D:4      | Reached XP level 5. HP: 22/28 MP: 4/6
  2951 | D:4      | Found a hazy altar of Hepliaklqana.
  3007 | D:4      | Became a worshipper of Hepliaklqana the Forgotten
  3040 | D:4      | Found an ornate altar of the Wu Jian Council.
  3054 | D:4      | Found a basalt altar of Yredelemnul.
  3113 | D:4      | Identified a +0 dagger
  3124 | D:4      | Identified a +0 quarterstaff
  3155 | D:4      | Identified a +0 club
  3254 | D:4      | Identified a +0 halberd
  3254 | D:4      | Identified a +0 robe
  3254 | D:4      | Noticed Blork the orc
  3286 | D:4      | Killed Blork the orc
  3287 | D:4      | Reached skill level 4 in Bows
  3452 | D:4      | Identified a +0 dagger
  3561 | D:5      | Entered Level 5 of the Dungeon
  3619 | D:5      | Identified 2 potions of attraction
  3663 | D:5      | Reached XP level 6. HP: 33/33 MP: 5/7
  3667 | D:5      | Learned a level 3 spell: Inner Flame
  3829 | D:5      | Identified a +0 falchion
  3845 | D:5      | Reached skill level 7 in Hexes
  3851 | D:5      | HP: 8/33 [killer bee (5)]
  3853 | D:5      | Reached skill level 5 in Bows
  3859 | D:5      | HP: 3/33 [killer bee (6)]
  3859 | D:5      | Slain by a killer bee

Table legend: (Time is in decaauts)
 A = Elapsed time spent in this place.
 B = Non-inter-level travel time spent in this place.
 C = Inter-level travel time spent in this place.
 D = Time resting spent in this place.
 E = Time spent auto-exploring this place.
 F = Levels seen in this place.
 G = Mean time per level.
                   A        B        C        D        E       F      G
               +--------+--------+--------+--------+--------+-----+--------+
         Total |   3924 |   3752 |    172 |    100 |   3034 |   5 |  784.8 |
       Dungeon |   3924 |   3752 |    172 |    100 |   3034 |   5 |  784.8 |
               +--------+--------+--------+--------+--------+-----+--------+

Top non-repeatable levels by time:
     D:3: 1127 daAuts
     D:2: 958 daAuts
     D:4: 780 daAuts
     D:1: 756 daAuts
     D:5: 302 daAuts

Table legend:
 A = Kills in this place as a percentage of kills in entire the game.
 B = Kills by you in this place as a percentage of kills by you in the entire game.
 C = Kills by friends in this place as a percentage of kills by friends in the entire game.
 D = Other kills in this place as a percentage of other kills in the entire game.
 E = Experience gained in this place as a percentage of experience gained in the entire game.
 F = Experience gained in this place divided by the number of levels of this place that you have seen.
                   A       B       C       D       E      F
               +-------+-------+-------+-------+-------+----------------------
         Total | 100.0 | 100.0 |   N/A |   N/A | 100.0 | 127.8
       Dungeon | 100.0 | 100.0 |   N/A |   N/A | 100.0 | 127.8
               +-------+-------+-------+-------+-------+----------------------

Skill      XL: |  1  2  3  4  5  6 |
---------------+-------------------+-----
Bows           | 2 3 4 5 |  5.0
Hexes          | 5 6 7 |  7.3
Fighting       | |  0.8
Dodging        | |  2.1
Spellcasting   | |  1.0

Action                   |  1- 3 |  4- 6 || total
-------------------------+-------+-------++-------
Melee: Dagger            |     6 |       ||     6
       Short sword       |       |    25 ||    25
       Bite              |       |     1 ||     1
 Fire: Shortbow          |   121 |    55 ||   176
 Cast: Slow              |       |     7 ||     7
       Portal Projectile |       |     1 ||     1
 Abil: Exsanguinate      |     1 |       ||     1
  Use: Scroll            |     4 |     2 ||     6
       Potion            |     2 |     1 ||     3
 Stab: Sleeping          |     2 |       ||     2
Armor: Robe              |    16 |     8 ||    24
Dodge: Dodged            |    30 |    32 ||    62

Vanquished Creatures
  Blork the orc (D:4)
  A scorpion (D:4)
  3 killer bees (D:5)
  A hound (D:5)
  A jelly (D:5)
  An iguana (D:5)
  An orc wizard (D:3)
  2 adders (D:2)
  2 worms
  3 dart slugs
  3 orcs
  3 endoplasms
  2 giant cockroaches
  9 goblins
  8 hobgoblins
  7 kobolds
  2 quokkas
  3 ball pythons (D:1)
  3 frilled lizards
  7 rats
63 creatures vanquished.

Vanquished Creatures (others)
  8 plants
8 creatures vanquished.

Grand Total: 71 creatures vanquished
